[Event "2023 IBCA European Team Championship for the Blind and Visually Impaired"]
[Site "Genoa, Italy"]
[Date "2023.04.26"]
[Round "6"]
[White "Draghici Flutur, Gavril"]
[Black "Tazbir, Marcin"]
[Result "0-1"]
[Time "15:00:00"]
[UTCTime "13:00:00"]
[UTCDate "2023.04.26"]
[Board "1.1"]
[WhiteTeam "Spain"]
[BlackTeam "Poland"]
[WhiteCountry "ESP"]
[BlackCountry "POL"]
[WhiteTitle "-"]
[BlackTitle "GM"]
[WhiteElo "1989"]
[BlackElo "2503"]
[TimeControl "5400+30"]
[Opening "Caro-Kann"]
[Variation "advance variation"]
[ECO "B12"]
[PlyCount "93"]
[EventDate "2023.04.20"]
[EventType "team"]
[EventRounds "9"]
[EventCountry "ITA"]
[Annotator "Vrioni, Bersan"]

1. e4 c6 2. d4 d5 3. e5 Bf5 4. h4 h5 5. c4 e6 6. Nc3 Nd7 7. Nge2 Be7 8. Ng3 Bg6
9. cxd5 cxd5 10. Qb3 Rb8 11. Be2 Bxh4 12. Nb5 Bxg3 13. Nd6+ Kf8 14. Qxg3 Ne7 15.
Qa3 a6 16. Bd2 Kg8 17. Rc1 Nf5 18. Nxf5 Bxf5 19. Qd6 Rc8 20. Rxc8 Qxc8 21. Bc3
g6 22. f3 Kg7 23. Kf2 Qc6 24. Qxc6 bxc6 25. g4 hxg4 26. Rxh8 Kxh8 27. fxg4 Bb1
28. a3 c5 29. Bxa6 Kg7 30. Bb5 cxd4 31. Bxd4 Nxe5 32. Bxe5+ f6 33. Bc3 e5 34. a4
d4 35. Bb4 Be4 36. Ke2 f5 37. g5 f4 38. Bd6 f3+ 39. Kf2 d3 40. Bxe5+ Kf7 41. Bc3
Ke6 42. Ke3 Kf5 43. Be1 Ke5 44. Bxd3 Bb7 45. Bg3+ Ke6 46. a5 Kf7 47. b4 0-1

[Event "2023 IBCA European Team Championship for the Blind and Visually Impaired"]
[Site "Genoa, Italy"]
[Date "2023.04.26"]
[Round "6"]
[White "Ivanov, Ljubomir"]
[Black "Jandric, Damjan"]
[Result "1/2-1/2"]
[Time "15:00:00"]
[UTCTime "13:00:00"]
[UTCDate "2023.04.26"]
[Board "2.2"]
[WhiteTeam "Bulgaria"]
[BlackTeam "Serbia"]
[WhiteCountry "BUL"]
[BlackCountry "SRB"]
[WhiteTitle "-"]
[BlackTitle "CM"]
[WhiteElo "1768"]
[BlackElo "2110"]
[TimeControl "5400+30"]
[Opening "King's Indian"]
[Variation "London system"]
[ECO "A48"]
[PlyCount "45"]
[EventDate "2023.04.20"]
[EventType "team"]
[EventRounds "9"]
[EventCountry "ITA"]
[Annotator "Vrioni, Bersan"]

1. d4 Nf6 2. Nf3 g6 3. Bf4 Bg7 4. Nc3 d5 5. Qd2 c6 6. h3 b5 7. a3 Nbd7 8. Bh6
Bxh6 9. Qxh6 Nb6 10. e3 Qd6 11. Ne5 Bd7 12. g4 Ng8 13. Qh4 Qf6 14. Qg3 Qd6 15.
Qh4 Qf6 16. Qg3 Qd6 17. f4 f6 18. Nd3 Nc4 19. Bg2 Nh6 20. O-O O-O 21. a4 b4 22.
Ne2 a5 23. b3 1/2-1/2

[Event "2023 IBCA European Team Championship for the Blind and Visually Impaired"]
[Site "Genoa, Italy"]
[Date "2023.04.26"]
[Round "6"]
[White "Stoykov, Stoyan"]
[Black "Bjelanovic, Mile"]
[Result "1/2-1/2"]
[Time "15:00:00"]
[UTCTime "13:00:00"]
[UTCDate "2023.04.26"]
[Board "2.4"]
[WhiteTeam "Bulgaria"]
[BlackTeam "Serbia"]
[WhiteCountry "BUL"]
[BlackCountry "SRB"]
[WhiteTitle "-"]
[BlackTitle "-"]
[WhiteElo "1716"]
[BlackElo "2059"]
[TimeControl "5400+30"]
[Opening "Sicilian"]
[Variation "Alapin's variation (2.c3)"]
[ECO "B22"]
[PlyCount "48"]
[EventDate "2023.04.20"]
[EventType "team"]
[EventRounds "9"]
[EventCountry "ITA"]
[Annotator "Vrioni, Bersan"]

1. e4 c5 2. c3 d5 3. e5 Bf5 4. d4 e6 5. Bd3 Bxd3 6. Qxd3 Qb6 7. Nf3 Nc6 8.
O-O cxd4 9. cxd4 Nge7 10. Nc3 Nf5 11. Rd1 Rd8 12. Qb5 Qxb5 13. Nxb5 a6 14.
Nc3 b5 15. a3 Na5 16. Bf4 h6 17. g4 Ne7 18. b4 Nc4 19. Nd2 g5 20. Bg3 Nxd2
21. Rxd2 Ng6 22. Ne2 Be7 23. Rc2 Kd7 24. Rac1 Rc8 1/2-1/2

[Event "2023 IBCA European Team Championship for the Blind and Visually Impaired"]
[Site "Genoa, Italy"]
[Date "2023.04.26"]
[Round "6"]
[White "Ursic, Aleksander"]
[Black "Streltsov, Alexey"]
[Result "0-1"]
[Time "15:00:00"]
[UTCTime "13:00:00"]
[UTCDate "2023.04.26"]
[Board "3.1"]
[WhiteTeam "Slovenia"]
[BlackTeam "Israel"]
[WhiteCountry "SLO"]
[BlackCountry "ISR"]
[WhiteTitle "-"]
[BlackTitle "FM"]
[WhiteElo "1834"]
[BlackElo "2326"]
[TimeControl "5400+30"]
[Opening "Queen's bishop game"]
[ECO "D02"]
[PlyCount "36"]
[EventDate "2023.04.20"]
[EventType "team"]
[EventRounds "9"]
[EventCountry "ITA"]
[Annotator "Vrioni, Bersan"]

1. d4 d5 2. Nf3 Nf6 3. Bf4 c5 4. e3 Nc6 5. c3 Qb6 6. Qc1 Bf5 7. Nbd2 cxd4 8.
exd4 h6 9. h3 e6 10. Be2 Rc8 11. a3 Ne4 12. O-O g5 13. Be5 Rg8 14. g4 Bg6 15.
Re1 f6 16. Nxe4 Bxe4 17. Bxf6 Bd6 18. Qe3 Bf4 0-1

[Event "2023 IBCA European Team Championship for the Blind and Visually Impaired"]
[Site "Genoa, Italy"]
[Date "2023.04.26"]
[Round "6"]
[White "Stimec, Marjan"]
[Black "Alon, Levi"]
[Result "1-0"]
[Time "15:00:00"]
[UTCTime "13:00:00"]
[UTCDate "2023.04.26"]
[Board "3.3"]
[WhiteTeam "Slovenia"]
[BlackTeam "Israel"]
[WhiteCountry "SLO"]
[BlackCountry "ISR"]
[WhiteTitle "-"]
[BlackTitle "-"]
[WhiteElo "1771"]
[BlackElo "1668"]
[TimeControl "5400+30"]
[Opening "Pirc defence"]
[ECO "B07"]
[PlyCount "131"]
[EventDate "2023.04.20"]
[EventType "team"]
[EventRounds "9"]
[EventCountry "ITA"]
[Annotator "Vrioni, Bersan"]

1. e4 d6 2. d4 Nf6 3. Nc3 Nbd7 4. Nf3 e5 5. dxe5 dxe5 6. a3 c6 7. h3 Be7 8. Bc4
O-O 9. O-O h6 10. Qe2 Re8 11. Rd1 Qc7 12. Nh4 Nf8 13. Nf5 Be6 14. Nxe7+ Qxe7 15.
Be3 Ng6 16. Bxe6 Qxe6 17. Kh2 b6 18. g3 Rad8 19. b3 Qe7 20. b4 Nf8 21. Rxd8 Rxd8
22. Rd1 Rd7 23. Rxd7 Qxd7 24. Qc4 Ne6 25. Ne2 Nh7 26. Qd3 Qxd3 27. cxd3 Nf6 28.
f4 exf4 29. gxf4 Nd7 30. d4 Nc7 31. Nc3 Nf6 32. Kg2 Kf8 33. Kf3 Ke7 34. a4 Kd7
35. b5 cxb5 36. axb5 h5 37. d5 Nfe8 38. e5 g6 39. Ke4 Ng7 40. Bf2 Nf5 41. d6 Ne8
42. Kd5 Neg7 43. Ne4 Ne6 44. Nf6+ Kd8 45. Ke4 Kc8 46. h4 Kd8 47. Nh7 Kd7 48. Ng5
Nxg5+ 49. fxg5 Ng7 50. Kd5 Ne6 51. Be3 Nd8 52. Bf4 Nb7 53. Be3 Na5 54. Bf4 Nb3
55. e6+ fxe6+ 56. Ke5 Nc5 57. Kf6 Ne4+ 58. Kxg6 Nc3 59. Kf7 Nd5 60. Be5 Ne3 61.
g6 Ng4 62. Bf4 e5 63. Bg5 e4 64. g7 Ne5+ 65. Kf6 Ng4+ 66. Kf5 1-0

[Event "2023 IBCA European Team Championship for the Blind and Visually Impaired"]
[Site "Genoa, Italy"]
[Date "2023.04.26"]
[Round "6"]
[White "Kolpakov, Vladyslav"]
[Black "Eichstaedt, Mirko"]
[Result "1/2-1/2"]
[Time "15:00:00"]
[UTCTime "13:00:00"]
[UTCDate "2023.04.26"]
[Board "4.1"]
[WhiteTeam "Ukraine"]
[BlackTeam "Germany"]
[WhiteCountry "UKR"]
[BlackCountry "GER"]
[WhiteTitle "-"]
[BlackTitle "CM"]
[WhiteElo "2248"]
[BlackElo "2241"]
[TimeControl "5400+30"]
[Opening "Ruy Lopez"]
[Variation "closed defence"]
[ECO "C84"]
[PlyCount "31"]
[EventDate "2023.04.20"]
[EventType "team"]
[EventRounds "9"]
[EventCountry "ITA"]
[Annotator "Vrioni, Bersan"]

1. e4 e5 2. Nf3 Nc6 3. Bb5 a6 4. Ba4 Nf6 5. O-O Be7 6. d3 b5 7. Bb3 d6 8. a3 O-O
9. Nc3 Bg4 10. h3 Bxf3 11. Qxf3 Nd4 12. Qg3 Nh5 13. Qg4 Nf6 14. Qg3 Nh5 15. Qg4
Nf6 16. Qg3 1/2-1/2

[Event "2023 IBCA European Team Championship for the Blind and Visually Impaired"]
[Site "Genoa, Italy"]
[Date "2023.04.26"]
[Round "6"]
[White "Schellmann, Frank"]
[Black "Shepelev, Igor"]
[Result "0-1"]
[Time "15:00:00"]
[UTCTime "13:00:00"]
[UTCDate "2023.04.26"]
[Board "4.2"]
[WhiteTeam "Germany"]
[BlackTeam "Ukraine"]
[WhiteCountry "GER"]
[BlackCountry "UKR"]
[WhiteTitle "CM"]
[BlackTitle "-"]
[WhiteElo "1936"]
[BlackElo "2076"]
[TimeControl "5400+30"]
[Opening "Sicilian"]
[Variation "Nimzovich-Rossolimo attack (with ...g6, without ...d6)"]
[ECO "B31"]
[PlyCount "76"]
[EventDate "2023.04.20"]
[EventType "team"]
[EventRounds "9"]
[EventCountry "ITA"]
[Annotator "Vrioni, Bersan"]

1. e4 c5 2. Nf3 Nc6 3. Bb5 g6 4. Bxc6 dxc6 5. d3 Bg7 6. h3 e5 7. Be3 Qe7 8. Qd2
Nf6 9. Nc3 Nd7 10. Bh6 f6 11. Bxg7 Qxg7 12. Qe3 Qe7 13. Nd2 Nf8 14. Ne2 Ne6 15.
c3 b6 16. f4 exf4 17. Nxf4 Nxf4 18. Qxf4 Ba6 19. Nc4 O-O 20. O-O-O Rad8 21. Rhe1
Qe6 22. b3 b5 23. Ne3 c4 24. bxc4 bxc4 25. d4 Qe7 26. Nc2 Rb8 27. e5 f5 28. d5
cxd5 29. Rxd5 Bb7 30. Rd6 Be4 31. e6 Qc7 32. e7 Qxe7 33. Red1 Rb7 34. Qd2 Bd3
35. Ra6 Re8 36. Nb4 Rd8 37. Re1 Qg7 38. Nd5 Rb1# 0-1

[Event "2023 IBCA European Team Championship for the Blind and Visually Impaired"]
[Site "Genoa, Italy"]
[Date "2023.04.26"]
[Round "6"]
[White "Zsiltzova-Lisenko, Lubov"]
[Black "Dobierzin, Olaf"]
[Result "1/2-1/2"]
[Time "15:00:00"]
[UTCTime "13:00:00"]
[UTCDate "2023.04.26"]
[Board "4.3"]
[WhiteTeam "Ukraine"]
[BlackTeam "Germany"]
[WhiteCountry "UKR"]
[BlackCountry "GER"]
[WhiteTitle "WIM"]
[BlackTitle "-"]
[WhiteElo "2151"]
[BlackElo "1935"]
[TimeControl "5400+30"]
[Opening "Sicilian"]
[Variation "Najdorf, Lipnitzky attack"]
[ECO "B90"]
[PlyCount "125"]
[EventDate "2023.04.20"]
[EventType "team"]
[EventRounds "9"]
[EventCountry "ITA"]
[Annotator "Vrioni, Bersan"]

1. e4 c5 2. Nf3 d6 3. d4 cxd4 4. Nxd4 Nf6 5. Nc3 a6 6. Bc4 e6 7. Be3 b5 8. Bb3
Be7 9. Qe2 Bd7 10. f3 h5 11. Qf2 Nc6 12. Rd1 Nxd4 13. Bxd4 Qc7 14. O-O O-O 15.
Kh1 b4 16. Nb1 Bb5 17. Rfe1 a5 18. c4 Bc6 19. Nd2 Nd7 20. Bc2 Bf6 21. Bxf6 Nxf6
22. Qg3 e5 23. Nf1 Bd7 24. Ne3 Be6 25. b3 Qc5 26. Nd5 Bxd5 27. exd5 Rfe8 28. Qh4
Qc8 29. h3 Qd8 30. g4 g6 31. Rg1 Kf8 32. Qg5 hxg4 33. hxg4 Kg7 34. Kg2 Nxd5 35.
Qd2 Nf4+ 36. Kg3 Rh8 37. Rh1 Qe7 38. Rde1 Qf6 39. Be4 Rab8 40. Qf2 Ne6 41. Qe3
Qf4+ 42. Qxf4 Nxf4 43. Rd1 Rxh1 44. Rxh1 Ne2+ 45. Kf2 Nc3 46. Ke3 Rh8 47. Ra1
Rh2 48. a3 Ra2 49. Rxa2 Nxa2 50. axb4 axb4 51. c5 dxc5 52. Kd3 Nc1+ 53. Kc4 Kf6
54. Bc2 Kg5 55. Kxc5 Kf4 56. Kxb4 Kxf3 57. Bd1+ Kf2 58. Kc3 Nxb3 59. Bxb3 f5 60.
gxf5 gxf5 61. Be6 f4 62. Kd3 f3 63. Ke4 1/2-1/2

[Event "2023 IBCA European Team Championship for the Blind and Visually Impaired"]
[Site "Genoa, Italy"]
[Date "2023.04.26"]
[Round "6"]
[White "Dyballa, Gerhard"]
[Black "Yatsishin, Ivan"]
[Result "0-1"]
[Time "15:00:00"]
[UTCTime "13:00:00"]
[UTCDate "2023.04.26"]
[Board "4.4"]
[WhiteTeam "Germany"]
[BlackTeam "Ukraine"]
[WhiteCountry "GER"]
[BlackCountry "UKR"]
[WhiteTitle "-"]
[BlackTitle "-"]
[WhiteElo "1912"]
[BlackElo "2049"]
[TimeControl "5400+30"]
[Opening "English"]
[Variation "symmetrical, Rubinstein system"]
[ECO "A34"]
[PlyCount "126"]
[EventDate "2023.04.20"]
[EventType "team"]
[EventRounds "9"]
[EventCountry "ITA"]
[Annotator "Vrioni, Bersan"]

1. c4 c5 2. Nc3 Nf6 3. g3 d5 4. cxd5 Nxd5 5. Bg2 Nc7 6. Nf3 Nc6 7. a3 f6 8. b4
e5 9. b5 Nd4 10. Rb1 Bd7 11. a4 Bg4 12. O-O Nxf3+ 13. exf3 Bf5 14. Rb2 Rb8 15.
Re1 Be7 16. f4 exf4 17. d4 O-O 18. Bxf4 Bd6 19. Bxd6 Qxd6 20. d5 Rbe8 21. Rxe8
Rxe8 22. Re2 Rxe2 23. Qxe2 b6 24. Be4 Bxe4 25. Qxe4 g6 26. g4 Kf7 27. Kg2 Qe7
28. Qf4 Qe5 29. Qxe5 fxe5 30. Kf3 Ke7 31. Ke4 Kd6 32. g5 c4 33. h4 Ne8 34. f4
exf4 35. Kxf4 Kc5 36. Ke5 Kb4 37. Ne4 c3 38. Ng3 c2 39. Ne2 Kxa4 40. d6 Nxd6 41.
Kxd6 Kxb5 42. Nd4+ Kc4 43. Nxc2 b5 44. Ne3+ Kd4 45. Nd5 a5 46. Nb6 b4 47. Kc6 b3
48. Na4 Ke5 49. Kc5 Kf4 50. Kd4 Kg4 51. Ke4 Kxh4 52. Kf4 Kh5 53. Nb2 h6 54. gxh6
Kxh6 55. Kg4 Kg7 56. Kg5 Kf7 57. Na4 Ke7 58. Kxg6 Kd6 59. Kf5 Kd5 60. Nb2 Kd4
61. Kf4 Kc3 62. Na4+ Kb4 63. Nb2 a4 0-1

[Event "2023 IBCA European Team Championship for the Blind and Visually Impaired"]
[Site "Genoa, Italy"]
[Date "2023.04.26"]
[Round "6"]
[White "Atanasov, K.Sande"]
[Black "Morariu, Ionel"]
[Result "0-1"]
[Time "15:00:00"]
[UTCTime "13:00:00"]
[UTCDate "2023.04.26"]
[Board "5.3"]
[WhiteTeam "North Macedonia"]
[BlackTeam "Romania"]
[WhiteCountry "MKD"]
[BlackCountry "ROU"]
[WhiteTitle "-"]
[BlackTitle "-"]
[WhiteElo "1778"]
[BlackElo "1914"]
[TimeControl "5400+30"]
[Opening "Scandinavian"]
[Variation "Pytel-Wade variation"]
[ECO "B01"]
[PlyCount "66"]
[EventDate "2023.04.20"]
[EventType "team"]
[EventRounds "9"]
[EventCountry "ITA"]
[Annotator "Vrioni, Bersan"]

1. e4 d5 2. exd5 Qxd5 3. Nc3 Qd6 4. d4 Nf6 5. Nf3 Bg4 6. h3 Bh5 7. g4 Bg6 8. Ne5
a6 9. f4 e6 10. Bg2 c6 11. Nxg6 hxg6 12. O-O Nbd7 13. Be3 Nb6 14. Qe2 Nbd5 15.
Bd2 Nb4 16. Rac1 Qxd4+ 17. Be3 Qd7 18. Rcd1 Qe7 19. Qf2 Nfd5 20. Bd4 Qh4 21. Qe2
O-O-O 22. Nxd5 Nxd5 23. c4 Nf6 24. Qe3 Nd7 25. Bb6 Nxb6 26. Qxb6 Qe7 27. Rxd8+
Qxd8 28. Qxd8+ Kxd8 29. Rd1+ Kc7 30. Kf1 Bd6 31. Rd4 Bc5 32. Rd3 Rd8 33. Ke2 f5 0-1

[Event "2023 IBCA European Team Championship for the Blind and Visually Impaired"]
[Site "Genoa, Italy"]
[Date "2023.04.26"]
[Round "6"]
[White "Thevenet, Yann"]
[Black "Cajzler, Hinko"]
[Result "1/2-1/2"]
[Time "15:00:00"]
[UTCTime "13:00:00"]
[UTCDate "2023.04.26"]
[Board "6.1"]
[WhiteTeam "France"]
[BlackTeam "Croatia"]
[WhiteCountry "FRA"]
[BlackCountry "CRO"]
[WhiteTitle "-"]
[BlackTitle "-"]
[WhiteElo "1960"]
[BlackElo "2030"]
[TimeControl "5400+30"]
[Opening "Sicilian defence"]
[ECO "B20"]
[PlyCount "41"]
[EventDate "2023.04.20"]
[EventType "team"]
[EventRounds "9"]
[EventCountry "ITA"]
[Annotator "Vrioni, Bersan"]

1. e4 c5 2. b3 Nc6 3. Bb2 e6 4. Nc3 Nf6 5. f4 d5 6. e5 Nd7 7. Nf3 a6 8. a4 Be7
9. Bd3 Nb4 10. Be2 b6 11. d4 Bb7 12. O-O Rc8 13. Kh1 cxd4 14. Nxd4 Nc6 15. Nxc6
Rxc6 16. Bd3 g6 17. Ne2 Nc5 18. Nd4 Rc7 19. Rf3 Nxd3 20. Qxd3 Bc5 21. Re1 1/2-1/2

[Event "2023 IBCA European Team Championship for the Blind and Visually Impaired"]
[Site "Genoa, Italy"]
[Date "2023.04.26"]
[Round "6"]
[White "Culjak, Miso"]
[Black "Deville, Olivier"]
[Result "1/2-1/2"]
[Time "15:00:00"]
[UTCTime "13:00:00"]
[UTCDate "2023.04.26"]
[Board "6.2"]
[WhiteTeam "Croatia"]
[BlackTeam "France"]
[WhiteCountry "CRO"]
[BlackCountry "FRA"]
[WhiteTitle "-"]
[BlackTitle "-"]
[WhiteElo "1705"]
[BlackElo "1770"]
[TimeControl "5400+30"]
[Opening "Nimzo-Indian defence"]
[ECO "E20"]
[PlyCount "30"]
[EventDate "2023.04.20"]
[EventType "team"]
[EventRounds "9"]
[EventCountry "ITA"]
[Annotator "Vrioni, Bersan"]

1. d4 Nf6 2. c4 e6 3. Nc3 Bb4 4. Bd2 b6 5. Nf3 Bb7 6. e3 O-O 7. Bd3 c5 8. a3
Bxc3 9. Bxc3 cxd4 10. Bxd4 d5 11. cxd5 Bxd5 12. O-O Nbd7 13. Ne5 Bxg2 14. Kxg2
Nxe5 15. Bxh7+ Nxh7 1/2-1/2

[Event "2023 IBCA European Team Championship for the Blind and Visually Impaired"]
[Site "Genoa, Italy"]
[Date "2023.04.26"]
[Round "6"]
[White "Meyer, Eric"]
[Black "Kljaic, Kresimir"]
[Result "1-0"]
[Time "15:00:00"]
[UTCTime "13:00:00"]
[UTCDate "2023.04.26"]
[Board "6.3"]
[WhiteTeam "France"]
[BlackTeam "Croatia"]
[WhiteCountry "FRA"]
[BlackCountry "CRO"]
[WhiteTitle "-"]
[BlackTitle "-"]
[WhiteElo "1677"]
[BlackElo "1520"]
[TimeControl "5400+30"]
[Opening "Trompovsky attack (Ruth, Opovcensky opening)"]
[ECO "A45"]
[PlyCount "61"]
[EventDate "2023.04.20"]
[EventType "team"]
[EventRounds "9"]
[EventCountry "ITA"]
[Annotator "Vrioni, Bersan"]

1. d4 Nf6 2. Bg5 g6 3. Bxf6 exf6 4. e3 Bg7 5. Nf3 O-O 6. c3 d6 7. Nbd2 Nd7 8.
Bc4 Nb6 9. Bb3 f5 10. O-O c6 11. Qe2 Re8 12. Qd3 d5 13. c4 Be6 14. Rac1 Rc8 15.
a4 a6 16. Rfd1 Nd7 17. cxd5 cxd5 18. Rc3 h6 19. Rdc1 Rxc3 20. Rxc3 Bf8 21. Bd1
a5 22. Qb5 b6 23. Rc6 Bb4 24. Nf1 g5 25. Bb3 Nf8 26. Rxb6 Re7 27. Ne5 Rc7 28.
Nc6 Qd7 29. Nxb4 Qxb5 30. Rxb5 axb4 31. Bxd5 1-0

[Event "2023 IBCA European Team Championship for the Blind and Visually Impaired"]
[Site "Genoa, Italy"]
[Date "2023.04.26"]
[Round "6"]
[White "Asllani, Muhamet"]
[Black "Casadei, Marco"]
[Result "0-1"]
[Time "15:00:00"]
[UTCTime "13:00:00"]
[UTCDate "2023.04.26"]
[Board "7.1"]
[WhiteTeam "Kosovo"]
[BlackTeam "Italy"]
[WhiteCountry "KOS"]
[BlackCountry "ITA"]
[WhiteTitle "-"]
[BlackTitle "-"]
[WhiteElo "2238"]
[BlackElo "1982"]
[TimeControl "5400+30"]
[Opening "Sicilian"]
[Variation "dragon variation"]
[ECO "B70"]
[PlyCount "88"]
[EventDate "2023.04.20"]
[EventType "team"]
[EventRounds "9"]
[EventCountry "ITA"]
[Annotator "Vrioni, Bersan"]

1. e4 c5 2. Nf3 d6 3. d4 cxd4 4. Nxd4 Nf6 5. Nc3 g6 6. Be2 Bg7 7. Be3 O-O 8. f3
Nc6 9. Qd2 d5 10. Bb5 Nxd4 11. Bxd4 dxe4 12. fxe4 Nxe4 13. Nxe4 Qxd4 14. Qxd4
Bxd4 15. O-O-O Be3+ 16. Kb1 Bf5 17. Ng3 Be6 18. Bd7 Bxd7 19. Rxd7 b6 20. Rxe7
Bg5 21. Re2 f5 22. c3 Rfe8 23. Rhe1 Kf7 24. Rxe8 Rxe8 25. Rxe8 Kxe8 26. Ne2 Kd7
27. Kc2 Kd6 28. Kd3 Bf6 29. a4 Be5 30. h3 g5 31. Nd4 Bxd4 32. Kxd4 h5 33. b4 h4
34. c4 g4 35. c5+ bxc5+ 36. bxc5+ Kc6 37. a5 gxh3 38. gxh3 f4 39. Ke4 Kxc5 40.
Kxf4 Kb5 41. Kg4 Kxa5 42. Kxh4 Kb5 43. Kg5 a5 44. Kf4 a4 0-1

[Event "2023 IBCA European Team Championship for the Blind and Visually Impaired"]
[Site "Genoa, Italy"]
[Date "2023.04.26"]
[Round "6"]
[White "Vrioni, Bersan"]
[Black "Gashi, Gani"]
[Result "1-0"]
[Time "15:00:00"]
[UTCTime "13:00:00"]
[UTCDate "2023.04.26"]
[Board "7.2"]
[WhiteTeam "Italy"]
[BlackTeam "Kosovo"]
[WhiteCountry "ITA"]
[BlackCountry "KOS"]
[WhiteTitle "-"]
[BlackTitle "-"]
[WhiteElo "1910"]
[BlackElo "1741"]
[TimeControl "5400+30"]
[Opening "Caro-Kann defence"]
[ECO "B15"]
[PlyCount "98"]
[EventDate "2023.04.20"]
[EventType "team"]
[EventRounds "9"]
[EventCountry "ITA"]
[Annotator "Vrioni, Bersan"]

1. e4 c6 2. d4 d5 3. Nc3 Nf6 4. e5 Nfd7 5. Nf3 e6 6. Ne2 c5 7. c3 c4 8. g3 Nc6
9. b3 b5 10. a4 bxa4 11. bxa4 Rb8 12. Bg2 Na5 13. Nd2 Nb6 14. O-O Bd7 15. f4 g6
16. Qc2 Nc8 17. Bb2 Nb3 18. Nxb3 Rxb3 19. Rfb1 Nb6 20. Nc1 Bxa4 21. Nxb3 Bxb3
22. Qc1 Qc7 23. Ba3 Kd7 24. Bxf8 Rxf8 25. Qa3 Ra8 26. Qb4 Qc6 27. Ra5 Qb7 28.
Rba1 Qb8 29. Ra6 Na4 30. R1xa4 Bxa4 31. Qxa4+ Ke7 32. Qa3+ Ke8 33. h4 Qb3 34.
Qd6 Qb8 35. Qc5 Qb7 36. Qxc4 Qb1+ 37. Qf1 Qxf1+ 38. Kxf1 Kd7 39. c4 Rc8 40. cxd5
Rc4 41. Rxa7+ Ke8 42. dxe6 fxe6 43. d5 exd5 44. Bxd5 Rd4 45. Bf3 Kf8 46. Rxh7
Rb4 47. Kf2 Rb2+ 48. Be2 Rb6 49. Bd3 Kg8 1-0

[Event "2023 IBCA European Team Championship for the Blind and Visually Impaired"]
[Site "Genoa, Italy"]
[Date "2023.04.26"]
[Round "6"]
[White "Berisha, Xhafer"]
[Black "Badano, Giancarlo"]
[Result "0-1"]
[Time "15:00:00"]
[UTCTime "13:00:00"]
[UTCDate "2023.04.26"]
[Board "7.3"]
[WhiteTeam "Kosovo"]
[BlackTeam "Italy"]
[WhiteCountry "KOS"]
[BlackCountry "ITA"]
[WhiteTitle "-"]
[BlackTitle "-"]
[WhiteElo "1448"]
[BlackElo "1742"]
[TimeControl "5400+30"]
[Opening "Queen's pawn"]
[ECO "A40"]
[PlyCount "74"]
[EventDate "2023.04.20"]
[EventType "team"]
[EventRounds "9"]
[EventCountry "ITA"]
[Annotator "Vrioni, Bersan"]

1. d4 e6 2. e4 d5 3. e5 c5 4. c3 Nc6 5. Nf3 Qb6 6. Bd3 Bd7 7. O-O cxd4 8. a4
dxc3 9. Nxc3 Nb4 10. Nb5 Nxd3 11. Qxd3 Bxb5 12. axb5 Bc5 13. b4 Bxb4 14. Be3 Bc5
15. Bxc5 Qxc5 16. Rac1 Qb6 17. Rc2 Ne7 18. Rfc1 O-O 19. Qa3 Nf5 20. Rc7 Qxb5 21.
g4 Nh6 22. h3 a5 23. Qe3 Qb4 24. Qd3 Qe4 25. Qb3 b5 26. Kg2 b4 27. Rb7 a4 28.
Qxb4 Qxb4 29. Rxb4 Ra7 30. Nd4 g6 31. Ra1 Rfa8 32. Ra3 Kf8 33. Nb5 Rb7 34. Kf3
Ng8 35. Ke2 Ne7 36. Rbxa4 Rxa4 37. Rxa4 Rxb5 0-1

[Event "2023 IBCA European Team Championship for the Blind and Visually Impaired"]
[Site "Genoa, Italy"]
[Date "2023.04.27"]
[Round "7"]
[White "Tazbir, Marcin"]
[Black "Kolpakov, Vladyslav"]
[Result "1/2-1/2"]
[Time "15:00:00"]
[UTCTime "13:00:00"]
[UTCDate "2023.04.27"]
[Board "1.1"]
[WhiteTeam "Poland"]
[BlackTeam "Ukraine"]
[WhiteCountry "POL"]
[BlackCountry "UKR"]
[WhiteTitle "GM"]
[BlackTitle "-"]
[WhiteElo "2503"]
[BlackElo "2248"]
[TimeControl "5400+30"]
[Opening "Sicilian"]
[Variation "Prins variation, Venice attack"]
[ECO "B55"]
[PlyCount "34"]
[EventDate "2023.04.20"]
[EventType "team"]
[EventRounds "9"]
[EventCountry "ITA"]
[Annotator "Vrioni, Bersan"]

1. e4 c5 2. Nf3 d6 3. d4 cxd4 4. Nxd4 Nf6 5. f3 e5 6. Bb5+ Bd7 7. Bxd7+ Qxd7 8.
Nf5 d5 9. Bg5 d4 10. Bxf6 gxf6 11. Qd3 Nc6 12. a3 O-O-O 13. Nd2 Kb8 14. Nf1 Ne7
15. N1g3 h5 16. Nxe7 Qxe7 17. Nf5 Qe6 1/2-1/2

[Event "2023 IBCA European Team Championship for the Blind and Visually Impaired"]
[Site "Genoa, Italy"]
[Date "2023.04.27"]
[Round "7"]
[White "Shepelev, Igor"]
[Black "Stachanczyk, Jacek"]
[Result "1/2-1/2"]
[Time "15:00:00"]
[UTCTime "13:00:00"]
[UTCDate "2023.04.27"]
[Board "1.2"]
[WhiteTeam "Ukraine"]
[BlackTeam "Poland"]
[WhiteCountry "UKR"]
[BlackCountry "POL"]
[WhiteTitle "-"]
[BlackTitle "IM"]
[WhiteElo "2076"]
[BlackElo "2159"]
[TimeControl "5400+30"]
[Opening "Sicilian"]
[ECO "B56"]
[PlyCount "30"]
[EventDate "2023.04.20"]
[EventType "team"]
[EventRounds "9"]
[EventCountry "ITA"]
[Annotator "Vrioni, Bersan"]

1. e4 c5 2. Nf3 d6 3. d4 cxd4 4. Nxd4 Nf6 5. Nc3 Nc6 6. g3 g6 7. Bg2 Bd7 8. O-O
Qc8 9. Nd5 Nxd5 10. exd5 Ne5 11. f4 Bg4 12. Qe1 Nc4 13. f5 Qc5 14. c3 Bxf5 15.
b3 Ne5 1/2-1/2